 Dungeon Crawl Stone Soup version 0.21-a0-508-gf08a75f (webtiles) character file.

21 kiturien the Chopper (level 2, -4/17 HPs)
             Began as a Tengu Gladiator on Nov 28, 2017.
             Slain by Natasha (8 damage)
             ... on level 2 of the Dungeon.
             The game lasted 00:03:05 (965 turns).

kiturien the Chopper (Tengu Gladiator)               Turns: 965, Time: 00:03:07

Health: -4/17      AC:  3    Str: 14    XL:     2   Next: 83%
Magic:  3/3        EV: 13    Int:  8    God:
Gold:   27         SH:  2    Dex: 15    Spells: 1/1 levels left

rFire    . . .     SeeInvis .   a - +0 war axe
rCold    . . .     Gourm    .   (no shield)
rNeg     . . .     Faith    .   b - +0 leather armour
rPois    .         Spirit   .   c - +0 hat
rElec    .         Reflect  +   (no cloak)
rCorr    .         Harm     .   (no gloves)
MR       .....                  (boots unavailable)
Stlth    +.........             n - +2 amulet of reflection
HPRegen  0.05/turn              (no ring)
MPRegen  0.08/turn              (no ring)

@: no status effects
A: beak, talons 3, mutation resistance 1
a: no special abilities


You were on level 2 of the Dungeon.
You were not hungry.

You visited 1 branch of the dungeon, and saw 2 of its levels.

You collected 27 gold pieces.

Inventory:

Hand Weapons
 a - a +0 war axe (weapon)
Missiles
 d - 3 throwing nets (quivered)
 j - 6 javelins
Armour
 b - a +0 leather armour (worn)
 c - a +0 hat (worn)
Jewellery
 i - an uncursed amulet of regeneration
 n - a +2 amulet of reflection (around neck)
Scrolls
 e - a scroll of identify
 k - 3 scrolls of teleportation
 l - 3 scrolls of magic mapping {unknown}
 o - a scroll of remove curse
 p - a scroll of immolation
Potions
 h - a potion of might
 m - a potion of flight
Comestibles
 f - a bread ration
 g - 2 meat rations


   Skills:
 * Level 2.1 Fighting
 * Level 3.7 Axes
 * Level 2.2 Throwing
 * Level 0.2 Armour
 * Level 3.6 Dodging


You had one spell level left.
You didn't know any spells.

Dungeon Overview and Level Annotations

Branches:
Dungeon (2/15)

Altars:
Dithmenos
Trog

Annotations:
D:2 Natasha


Innate Abilities, Weirdness & Mutations

You have a beak for a mouth.
You have claws for feet.
You are somewhat resistant to further mutation.


Message History

Natasha hisses angrily.
Natasha is nearby!
You closely miss Natasha. Your kick misses Natasha. You block Natasha's attack.
You closely miss Natasha. You peck Natasha.
Natasha is lightly wounded.
Natasha claws you!
Ouch! That really hurt!
Natasha claws you.
* * * LOW HITPOINT WARNING * * *
You barely miss Natasha.
Natasha is lightly wounded.
Natasha claws you.
* * * LOW HITPOINT WARNING * * *
You closely miss Natasha. You claw Natasha.
Natasha is heavily wounded.
Natasha claws you but does no damage.
You closely miss Natasha.
Natasha is heavily wounded.
Natasha claws you!
You die...

.......## ..##....#
..##.##.####
...........######
....>............
.........[.# ###
...........# ### #
...........#######.#
##.####+#..+.._.@h.#
...........###.###.#
...........# #.# #
...[.......###'###.#
.............).....#
............#..#####
..............##
##.#........###
#.#........#


You could see Natasha.

Vanquished Creatures
  A leopard gecko (D:1)
  3 giant cockroaches (D:1)
  5 goblins (D:1)
  2 jackals (D:1)
  2 bats (D:1)
  A frilled lizard (D:2)
  4 kobolds (D:1)
18 creatures vanquished.

Notes
Turn   | Place    | Note
-------+----------+-------------------------------------------
     0 | D:1      | kiturien the Tengu Gladiator began the quest for the Orb.
     0 | D:1      | Reached XP level 1. HP: 12/12 MP: 2/2
   207 | D:1      | Reached XP level 2. HP: 14/17 MP: 3/3
   889 | D:2      | Gained mutation: You are somewhat resistant to further mutation. [potion of mutation]
   908 | D:2      | Found a bloodstained altar of Trog.
   954 | D:2      | Found a shadowy altar of Dithmenos.
   960 | D:2      | Noticed Natasha
   965 | D:2      | Slain by Natasha

Vault maps used:
D:1:      lightli_arrival_noodles
D:2:      overflow_temple_1_default, old_standard_altar, lemuel_doored_altar,
          nicolae_overflow_hidden_temple, st_stairs_4, uniq_natasha

Action                   || total
-------------------------++-------
Melee: War axe           ||    37
       Kick              ||     6
       Peck              ||     5
  Use: Scroll            ||     4
       Potion            ||     3
 Stab: Sleeping          ||     1
Armor: Leather armour    ||     6
Dodge: Dodged            ||    26
Block: Other             ||     1

Table legend:
 A = Spawn XP
 B = Non-spawn XP
 C = Spawn XP percentage of total XP
 D = Spawn monster count
 E = Non-spawn monster count
 F = Spawn count percentage of total count
 G = Total turns spent on level
                    A         B        C        D         E        F      G
               +---------+---------+-------+---------+---------+-------+---------
         Total |       0 |      30 |   0.0 |       0 |      18 |   0.0 |   965
               +---------+---------+-------+---------+---------+-------+---------
           D:1 |       0 |      29 |   0.0 |       0 |      17 |   0.0 |   852
           D:2 |       0 |       1 |   0.0 |       0 |       1 |   0.0 |   113
               +---------+---------+-------+---------+---------+-------+---------
